 Dungeon Crawl Stone Soup version 0.28.0 (webtiles) character file.

Game seed: 16446524875224285646

966 trckry the Skirmisher (level 7, -15/55 HPs)
             Began as a Demonspawn Wanderer on Feb 12, 2022.
             Was a Believer of Trog.
             Demolished by an ogre (20 damage)
             ... on level 5 of the Dungeon.
             The game lasted 00:13:20 (5935 turns).

trckry the Skirmisher (Demonspawn Wanderer)         Turns: 5935, Time: 00:13:21

Health: -15/55     AC: 11    Str: 13    XL:     7   Next: 93%
Magic:  8/8        EV:  6    Int: 16    God:    Trog [**....]
Gold:   183        SH:  0    Dex: 11    Spells: 7/8 levels left

rFire   . . .      SeeInvis .   a - +0 flail
rCold   . . .      Faith    .   (no shield)
rNeg    . . .      Spirit   .   A - +0 chain mail
rPois   .          Reflect  .   (no helmet)
rElec   .          Harm     .   o - +0 cloak
rCorr   .          Rampage  .   p - +0 pair of gloves
Will    ++...                   (no boots)
Stlth   ..........              z - amulet of regeneration
HPRegen 1.98/turn               (no ring)
MPRegen 0.11/turn               (no ring)

@: strong-willed, on berserk cooldown, regenerating, slowed, very slow
A: demonic guardian 2, weakness stinger 2, demonic touch 1
a: Renounce Religion, Berserk, Trog's Hand


You were on level 5 of the Dungeon.
You worshipped Trog.
Trog was pleased with you.
You visited 2 branches of the dungeon, and saw 6 of its levels.

You collected 183 gold pieces.

Inventory:

Hand Weapons
 a - a +0 flail (weapon)
 b - a +3 hunting sling
 u - a +0 whip of venom
Missiles
 g - 131 stones (quivered)
 i - 4 atropa-tipped darts
 n - a throwing net
 w - 3 poisoned darts
Armour
 o - a +0 cloak (worn)
 p - a +0 pair of gloves (worn)
 A - a +0 chain mail (worn)
Jewellery
 z - an amulet of regeneration (around neck)
Wands
 s - a wand of iceblast (9)
Scrolls
 e - 2 scrolls of fog {unknown}
 h - 2 scrolls of blinking {unknown}
 k - 4 scrolls of identify {unknown}
 l - 2 scrolls of noise {unknown}
 r - a scroll of summoning {unknown}
 x - a scroll of teleportation {unknown}
 y - a scroll of enchant weapon {unknown}
Potions
 c - a potion of degeneration {unknown}
 d - a potion of lignification {unknown}
 j - a potion of brilliance {unknown}
 m - 3 potions of heal wounds {unknown}
 q - a potion of attraction {unknown}
 t - a potion of haste {unknown}
 v - a potion of flight {unknown}


   Skills:
 + Level 4.8 Fighting
 - Level 1.0 Maces & Flails
 + Level 2.8 Slings
 - Level 2.5 Armour
 - Level 2.0 Dodging
 * Level 4.1 Unarmed Combat
 - Level 1.0 Spellcasting
 - Level 2.0 Poison Magic
 + Level 4.3 Evocations


You had 7 spell levels left.
You knew the following spells:

 Your Spells              Type           Power      Damage    Failure   Level
a - Sting                 Tmut/Pois      16%        1d3       99%         1

Your spell library contained the following spells:

 Spells                   Type           Power      Damage    Failure   Level
 Poisonous Vapours        Pois/Air       8%         N/A       100%        2
 Mephitic Cloud           Conj/Pois/Air  2%         N/A       100%        3


Dungeon Overview and Level Annotations

Branches:
Dungeon (5/15)             Temple (1/1) D:4

Altars:
Ashenzari
Cheibriados
Dithmenos
Elyvilon
Fedhas
Gozag
Hepliaklqana
Kikubaaqudgha
Makhleb
Nemelex Xobeh
Okawaru
Qazlal
Ru
Sif Muna
Trog
Uskayaw
Vehumet
Wu Jian
Xom
Zin
The Shining One

Shops:
D:1 *   D:4 ?   D:5 *


Innate Abilities, Weirdness & Mutations

A demonic guardian rushes to your aid.
You have a tail ending in a sharp stinger.
Your touch may inflict minor irresistible damage on your foes.


Message History

The adder bites you.
You are poisoned.
The adder poisons you!
You barely miss the adder.
The adder is severely wounded.
You feel sick. The adder bites you but does no damage.
You miss the adder.
The adder is severely wounded.
You feel sick. The adder closely misses you.
You closely miss the adder. You tail-slap the adder.
You kill the adder!
Trog accepts your kill.
You are no longer berserk.
You are exhausted.
You feel yourself slow down.
You feel sick.
You sock the ogre!
The ogre is heavily wounded.
You feel sick.
The ogre hits you with a +0 giant spiked club!!
The ogre hits you with a +0 giant spiked club!
* * * LOW HITPOINT WARNING * * *
You feel sick.
You are no longer poisoned.
Okay, then.
Aiming: Iceblast
Press: ? - help, Shift-Dir - straight line, f - ogre
Aim: an ogre, wielding a +0 giant spiked club (heavily wounded)
Okay, then.
Your skin crawls.
You feel strong-willed.
The ogre hits you with a +0 giant spiked club!
* * * LOW HITPOINT WARNING * * *
You sock the ogre!
You tail-slap the ogre, but do no damage.
The ogre is severely wounded.
The ogre hits you with a +0 giant spiked club!
* * * LOW HITPOINT WARNING * * *
A demonic guardian appears!
The ogre hits you with a +0 giant spiked club!!
You die...

#.# .#.. #.# ############ ...
.(#.# ##.....##.... ..# ### #.#.#
#............ ..+ ..# #.#.#
#.#...≈....## ..# #.# #.#.#
##.........## ..# #.# #.#.#
#...(∩.....### ..#
#.#######.#@###............. .[#
#.#....##.#.O4(((≈.(.§....#.
..####.#....##.######...(....†...
..'....'....').............>..###
..######....##.########.#####)#
..# #..>.##.#... ...##....### ###
#....##.#.#########....†..
#######....##.......# #.....#.
#....###+######.###.#####.......


You could see an ogre (ally target) and a friendly rust devil (summoned).

Vanquished Creatures
  A black bear (D:4)
  An ogre (D:4)
  A centaur (D:5)
  A scorpion (D:5)
  A bullfrog zombie (D:5)
  An orc priest (D:5)
  A hound (D:4)
  A jelly (D:5)
  Jessica (D:3)
  3 iguanas (D:5)
  A hound skeleton (D:5)
  A howler monkey skeleton (D:5)
  6 adders
  8 gnolls
  A worm (D:3)
  11 orcs
  10 ball pythons
  5 endoplasms
  5 goblins
  7 hobgoblins
  2 quokkas
  5 bats
  5 frilled lizards
  5 kobolds
  4 rats
88 creatures vanquished.

Vanquished Creatures (collateral kills)
  A sky beast (D:5)
  A jelly (D:5)
  An iguana (D:4)
  An orc wizard (D:3)
  A killer bee zombie (D:3)
  A dart slug (D:2)
  A hobgoblin (D:1)
  A quokka (D:1)
8 creatures vanquished.

Vanquished Creatures (others)
  A plant (D:1)
1 creature vanquished.

Grand Total: 97 creatures vanquished

Notes
Turn   | Place    | Note
-------+----------+-------------------------------------------
     0 | D:1      | trckry the Demonspawn Wanderer began the quest for the Orb.
     0 | D:1      | trckry set off with the following items: a +0 mace, a +0
                  | ring mail; and the following spell memorised: Sting; and
                  | the following spells available to memorise: Poisonous
                  | Vapours, Mephitic Cloud
     0 | D:1      | Reached XP level 1. HP: 15/15 MP: 2/2
   128 | D:1      | Found Geyjeidgh's Assorted Antiques.
   177 | D:1      | Gained mutation: A weak demonic guardian rushes to your
                  | aid. [demonic ancestry]
   177 | D:1      | Reached XP level 2. HP: 15/22 MP: 0/3
   514 | D:1      | Found a faded altar of an unknown god.
   528 | D:1      | Prayed at the altar of an unknown god.
   528 | D:1      | Became a worshipper of Trog the Wrathful
   528 | D:1      | Reached * piety under Trog
  1250 | D:2      | Found a snail-covered altar of Cheibriados.
  1727 | D:2      | Reached XP level 3. HP: 28/28 MP: 4/4
  1931 | D:2      | Gained mutation: A demonic guardian rushes to your aid.
                  | [demonic ancestry]
  1931 | D:2      | Reached XP level 4. HP: 26/35 MP: 5/5
  2768 | D:3      | Noticed Jessica
  2791 | D:3      | Killed Jessica
  2792 | D:3      | Discovered your monstrous ancestry.
  2792 | D:3      | Gained mutation: You have a small tail. [demonic ancestry]
  2792 | D:3      | Reached XP level 5. HP: 26/41 MP: 6/6
  3143 | D:3      | Reached skill level 1 in Unarmed Combat
  3347 | D:3      | Reached ** piety under Trog
  3658 | D:4      | Noticed an ogre
  3664 | D:4      | Killed an ogre
  3665 | D:4      | Reached skill level 1 in Slings
  3665 | D:4      | Gained mutation: You have a tail ending in a sharp stinger.
                  | [demonic ancestry]
  3665 | D:4      | Reached XP level 6. HP: 48/48 MP: 7/7
  4091 | D:4      | Found Tewihaut's Magic Scroll Shop.
  4339 | D:4      | Found a staircase to the Ecumenical Temple.
  4356 | Temple   | Entered the Ecumenical Temple
  4722 | D:5      | Entered Level 5 of the Dungeon
  4730 | D:5      | Noticed a sky beast
  4752 | D:5      | Killed a sky beast
  4753 | D:5      | Gained mutation: Your touch may inflict minor irresistible
                  | damage on your foes. [demonic ancestry]
  4753 | D:5      | Reached XP level 7. HP: 33/54 MP: 8/8
  5811 | D:5      | Found Ipteinu's Elemental Accessories.
  5935 | D:5      | HP: 5/55 [ogre (10)]
  5935 | D:5      | Demolished by an ogre

Illustrated notes

Levels and vault maps discovered:
D:1:      minmay_arrival_nine_rooms, layout_loops_cross,
          dreamdust_ecumenical_altar_angels_and_demons, serial_shops,
          nicolae_shop_overgrown_old_shop, minmay_stone_trees_small
D:2:      layout_rooms, basic_altar
D:3:      layout_loops_ring, chequers_serial_rivers_marsh,
          hangedman_glass_teeth, uniq_jessica
D:4:      layout_rooms, minmay_temple_entry_trees, serial_shops,
          nicolae_stop_n_shop_1, patterned_corridor
D:5:      layout_basic, nicolae_elemental_shop, minmay_starry_boxes
Temple:   compressed_dpeg_circular_temple

Skill      XL: |  1  2  3  4  5  6  7 |
---------------+----------------------+-----
Fighting       | 2 3 4 |  4.8
Armour         | 2 |  2.5
Dodging        | 2 |  2.0
Evocations     | 3 4 |  4.3
Unarmed Combat | 1 3 4 |  4.1
Slings         | 1 2 |  2.8
Maces & Flails | |  1.0
Spellcasting   | |  1.0
Poison Magic   | |  2.0

Action                   |  1- 3 |  4- 6 |  7- 9 || total
-------------------------+-------+-------+-------++-------
Melee: Mace              |    67 |    60 |       ||   127
       Punch             |     2 |     1 |     2 ||     5
       Flail             |       |    72 |    48 ||   120
       Tailslap          |       |     4 |    16 ||    20
       Touch             |       |       |     6 ||     6
 Fire: Hunting sling     |    49 |     8 |    18 ||    75
 Cast: Sting             |     4 |       |       ||     4
Invok: Berserk           |     1 |     6 |     2 ||     9
       Trog's Hand       |       |       |     1 ||     1
Armor: Ring mail         |    30 |    61 |    13 ||   104
       Chain mail        |       |       |    26 ||    26
Dodge: Dodged            |    64 |    85 |    32 ||   181
